 Dungeon Crawl Stone Soup version 0.31-a0-664-g902f515a81 (webtiles) character file.

Game seed: 1617025157703979851

1582 bigdave the Cleaver (level 8, -4/73 HPs)
             Began as a Hill Orc Fighter on Sept 2, 2023.
             Was an Initiate of Nemelex Xobeh.
             Slain by a killer bee (6 damage)
             ... on level 6 of the Dungeon.
             The game lasted 00:07:48 (5359 turns).

bigdave the Cleaver (Hill Orc Fighter)              Turns: 5359, Time: 00:07:48

Health: -4/73      AC: 15    Str: 27    XL:     8   Next: 91%
Magic:  9/9        EV:  7    Int:  8    God:    Nemelex Xobeh [......]
Gold:   200        SH:  4    Dex: 10    Spells: 7/7 levels left

rFire   . . .        a - +0 war axe
rCold   . . .        c - +0 buckler
rNeg    . . .        t - +0 plate armour
rPois   .            q - +0 helmet {SInv}
rElec   .            w - scarf {+Inv}
rCorr   .            (no gloves)
SInv    +            y - +0 pair of boots
Will    .....        (no amulet) Stlth
                     v - +6 ring of strength
HPRegen 0.32/turn    (no ring)
MPRegen 0.11/turn

%: no passive effects
@: lethally poisoned (-4 -> -5)
A: no striking features
a: Renounce Religion, Evoke Invisibility, Draw Escape, Draw Destruction, Draw
Summoning


You were on level 6 of the Dungeon.
You worshipped Nemelex Xobeh.
Nemelex Xobeh was noncommittal.
You visited 2 branches of the dungeon, and saw 7 of its levels.

You collected 200 gold pieces.

Inventory:

Hand Weapons
 a - a +0 war axe (weapon)
 s - a +0 whip of freezing
Armour
 b - a +0 scale mail
 c - a +0 buckler (worn)
 q - a +0 helmet of see invisible (worn)
 t - a +0 plate armour (worn)
 w - a scarf of invisibility (worn)
 y - a +0 pair of boots (worn)
Jewellery
 v - a +6 ring of strength (left hand)
Wands
 m - a wand of roots (2)
 p - a wand of paralysis (21)
 u - a wand of flame (49)
Scrolls
 e - 2 scrolls of poison
 i - a scroll of silence
 o - 4 scrolls of identify
Potions
 d - 2 potions of might
 f - a potion of haste {unknown}
 g - 4 potions of brilliance {unknown}
 h - a potion of enlightenment {unknown}
 j - a potion of magic {unknown}
 k - a potion of curing {unknown}
 l - a potion of attraction {unknown}
 n - 2 potions of mutation {unknown}
 r - a potion of ambrosia {unknown}
 x - a potion of degeneration {unknown}
 z - 2 potions of heal wounds {unknown}


   Skills:
 + Level 7.2 Fighting
 * Level 9.9 Axes
 + Level 6.5 Armour
 - Level 4.0 Shields
 + Level 2.0 Invocations
 + Level 1.4 Evocations


You had 7 spell levels left.
You didn't know any spells.
Your spell library contained the following spells:

 Spells                   Type           Power      Damage    Failure   Level
 Scorch                   Fire           0%         2d5       100%        2
 Flame Wave               Conj/Fire      0%         2d4       100%        4
 Summon Cactus Giant      Summ           0%         N/A       100%        6


Dungeon Overview and Level Annotations

Branches:
Dungeon (6/15)             Temple (1/1) D:5

Altars:
Ashenzari
Cheibriados
Dithmenos
Fedhas
Gozag
Hepliaklqana
Kikubaaqudgha
Makhleb
Nemelex Xobeh
Qazlal
Ru
Trog
Uskayaw
Wu Jian
Xom
Yredelemnul
Zin

Shops:
D:2 :

Annotations:
D:3 3 runed translucent doors, Gargoyl's ghost, amateur GrBe


Message History

You are no longer poisoned.
The orc jeers loudly.
The killer bee stings you.
You are poisoned.
The killer bee poisons you!
Your Invocations skill increases to level 2!
You miss the killer bee.
You feel very sick.
The killer bee stings you but does no damage. x2
You hit the killer bee but do no damage.
You feel sick.
The killer bee stings you but does no damage.
The killer bee stings you.
You are more poisoned.
The killer bee poisons you!
You closely miss the killer bee.
You feel sick. The killer bee barely misses you.
The killer bee stings you but does no damage.
You miss the killer bee.
You feel very sick.
The killer bee stings you but does no damage.
You block the killer bee's attack.
You barely miss the killer bee.
You feel sick.
The killer bee stings you but does no damage. x2
You miss the killer bee.
You feel sick.
The killer bee stings you but does no damage.
You block the killer bee's attack.
You miss the killer bee.
You feel sick. The killer bee stings you.
* * * LOW HITPOINT WARNING * * *
The killer bee stings you but does no damage.
You hit the killer bee but do no damage.
You feel sick. The killer bee stings you.
* * * LOW HITPOINT WARNING * * *
You block the killer bee's attack.
You barely miss the killer bee.
You feel sick. The killer bee stings you.
* * * LOW HITPOINT WARNING * * *
The killer bee barely misses you.
You miss the killer bee.
You feel sick. The killer bee stings you.
You die...
Your body disappears without a glow.

##.#..#.## ##.#..#.##
##.#..#.## ##.#..#.##
##.#..#.## .##.#..#.##
#..##.#..#.##
###o..###......#
###@yo###.#..#.#'#
#...###.#..#.###.###
#.###.#..#.###)..#..
########'#.#..#.###....##.#
#......#.#..#.###....#..#.#
#.####....#.###...##.##.#.#
###..###...#..#..#.#.# ####
#############..
####..........>.#.


You could see a killer bee and 2 orcs.

Vanquished Creatures
  Pikel (D:4)
  Grinder (D:4)
  Sigmund (D:4)
  A black bear (D:6)
  A kobold brigand (D:6)
  2 scorpions
  3 hounds
  A jelly (D:6)
  Terence (D:2)
  An iguana (D:5)
  An orc wizard (D:4)
  Natasha (thrice) (D:2)
  A sleepcap (D:6)
  7 gnolls (D:3)
  3 adders (D:2)
  A river rat (D:4)
  A worm (D:3)
  3 dart slugs
  10 orcs
  7 endoplasms
  8 giant cockroaches
  11 goblins
  2 hobgoblins
  7 jackals (D:1)
  7 quokkas
  4 ball pythons
  6 bats
  5 frilled lizards
  7 kobolds
  11 rats
118 creatures vanquished.

Notes
Turn   | Place    | Note
-------+----------+-------------------------------------------
     0 | D:1      | bigdave the Hill Orc Fighter began the quest for the Orb.
     0 | D:1      | Reached XP level 1. HP: 19/19 MP: 1/1
    60 | D:1      | Reached skill level 3 in Axes
    77 | D:1      | Reached XP level 2. HP: 27/27 MP: 2/2
   451 | D:1      | Reached XP level 3. HP: 33/33 MP: 3/3
  1000 | D:2      | Reached skill level 4 in Axes
  1028 | D:2      | Reached XP level 4. HP: 40/40 MP: 4/4
  1204 | D:2      | Noticed Natasha
  1212 | D:2      | Killed Natasha
  1285 | D:2      | Noticed Terence
  1306 | D:2      | Killed Terence
  1403 | D:2      | Reached XP level 5. HP: 45/47 MP: 5/5
  1572 | D:2      | Found Utaokuor's Book Shoppe.
  1790 | D:2      | Noticed Natasha
  1796 | D:2      | Killed Natasha
  1797 | D:2      | Reached skill level 5 in Axes
  1884 | D:2      | Identified the +1 dagger of Gloom {freeze, MP+9 SInv
                  | Stlth+}
  1946 | D:2      | Noticed Natasha
  1953 | D:2      | Killed Natasha
  2212 | D:2      | Identified the scarf "Zitufamm" {harm, rCorr Dex+5}
  2444 | D:3      | Found a faded altar of an unknown god.
  2648 | D:3      | Reached XP level 6. HP: 50/55 MP: 6/6
  2936 | D:3      | Reached skill level 5 in Fighting
  3077 | D:3      | Found a runed translucent gate.
  3077 | D:3      | Found a runed translucent gate.
  3077 | D:3      | Found a runed translucent gate.
  3079 | D:3      | Noticed Gargoyl's ghost (amateur GrBe)
  3146 | D:4      | Reached skill level 6 in Axes
  3174 | D:4      | Noticed Sigmund
  3210 | D:4      | Killed Sigmund
  3211 | D:4      | Reached XP level 7. HP: 18/61 MP: 7/7
  3357 | D:4      | Reached skill level 7 in Axes
  3357 | D:4      | Reached skill level 5 in Armour
  3399 | D:4      | Noticed Pikel
  3407 | D:4      | Paralysed by Pikel for 4 turns
  3415 | D:4      | Killed Pikel
  3416 | D:4      | Reached skill level 8 in Axes
  3416 | D:4      | Reached XP level 8. HP: 9/71 MP: 8/8
  3692 | D:4      | Noticed Grinder
  3698 | D:4      | Paralysed by Grinder for 5 turns
  3705 | D:4      | Killed Grinder
  3706 | D:4      | Reached skill level 9 in Axes
  4059 | D:4      | Found an ornate altar of the Wu Jian Council.
  4535 | D:5      | Entered Level 5 of the Dungeon
  4538 | D:5      | Found an ancient bone altar of Kikubaaqudgha.
  4542 | D:5      | Found a staircase to the Ecumenical Temple.
  4552 | Temple   | Found a transporter.
  4552 | Temple   | Found a transporter.
  4552 | Temple   | Found a transporter.
  4552 | Temple   | Found a transporter.
  4552 | Temple   | Entered the Ecumenical Temple
  4618 | Temple   | Became a worshipper of Nemelex Xobeh the Trickster
  4948 | D:6      | Reached skill level 1 in Invocations
  5152 | D:6      | Reached skill level 1 in Evocations
  5358 | D:6      | HP: 3/73 [killer bee (6)]
  5359 | D:6      | Slain by a killer bee

Illustrated notes

Levels and vault maps discovered:
D:1:      amcnicky_arrival_flooded_fountain, layout_loops_corners,
          solitary_fountain
D:2:      layout_basic, serial_shops, shop, uniq_natasha, uniq_terence
D:3:      layout_loops_cross, dreamdust_ecumenical_altar_grove,
          gammafunk_ghost_nasty_kobolds
D:4:      layout_loops_ring, nzn_wu_jian_contemplation, gup_sewer_entry_spiral,
          uniq_sigmund, uniq_pikel, uniq_grinder
D:5:      layout_loops_ring, overflow_temple_1_default,
          minmay_temple_entry_statues_fountains
D:6:      minmay_razor_zed, layout_loops_ring, minivault_5,
          nicolae_shop_clearance, uniq_eustachio
Temple:   hellmonk_temple_divided_pantheon

Skill      XL: |  1  2  3  4  5  6  7  8 |
---------------+-------------------------+-----
Axes           | 3 4 5 6 8 9 |  9.9
Fighting       | 4 5 6 7 |  7.2
Shields        | 4 |  4.0
Armour         | 4 5 6 |  6.5
Invocations    | 2 |  2.0
Evocations     | 1 |  1.4

Action                     |  1- 3 |  4- 6 |  7- 9 || total
---------------------------+-------+-------+-------++-------
  Melee: War axe           |   114 |   141 |   171 ||   426
    Use: Scroll            |       |     9 |       ||     9
 Armour: Scale mail        |    95 |   124 |    58 ||   277
         Plate armour      |       |       |   112 ||   112
  Dodge: Dodged            |    50 |    66 |    62 ||   178
  Block: Buckler           |    20 |    32 |    31 ||    83

Table legend: (Time is in decaauts)
 A = Elapsed time spent in this place.
 B = Non-inter-level travel time spent in this place.
 C = Inter-level travel time spent in this place.
 D = Time resting spent in this place.
 E = Time spent auto-exploring this place.
 F = Levels seen in this place.
 G = Mean time per level.
                   A        B        C        D        E       F      G
               +--------+--------+--------+--------+--------+-----+--------+
         Total |   5488 |   5326 |    162 |    523 |   3573 |   7 |  784.0 |
       Dungeon |   5403 |   5241 |    162 |    523 |   3573 |   6 |  900.5 |
        Temple |     84 |     84 |      0 |      0 |      0 |   1 |   84.0 |
               +--------+--------+--------+--------+--------+-----+--------+

Top non-repeatable levels by time:
     D:2: 1381 daAuts
     D:4: 1306 daAuts
     D:1: 1029 daAuts
     D:3: 943 daAuts
     D:6: 654 daAuts
     D:5: 87 daAuts
  Temple: 84 daAuts
